 Dungeon Crawl Stone Soup version 0.17.0-24-gcfadda4 (webtiles) character file.

641 Helmschank the Insei (level 7, -1/41 HPs)
             Began as an Octopode Transmuter on Nov 16, 2015.
             Was an Initiate of Fedhas.
             Killed from afar by an orc wizard (11 damage)
             ... with a magic dart
             ... on level 5 of the Dungeon.
             The game lasted 00:19:41 (5999 turns).

Helmschank the Insei (Octopode Transmuter)          Turns: 5999, Time: 00:19:42

Health: -1/41      AC:  1    Str: 10    XL:     7   Next: 51%
Magic:  6/10       EV: 13    Int: 15    God:    Fedhas [......]
Gold:   242        SH:  0    Dex: 14    Spells: 3 memorised, 4 levels left

rFire  . . .     SeeInvis .       - Unarmed
rCold  . . .     Clarity  .     (no shield)
rNeg   . . .     SustAt   .     (helmet restricted)
rPois  .         Gourm    .     (no amulet)
rElec  .         Spirit   .     i - ring of wizardry
rCorr  .         Warding  .     (no ring)
rMut   .         Stasis   .     (no ring)
MR     .....                    (no ring)
Stlth  ++++......               (no ring)
                                (no ring)
                                (no ring)
                                (no ring)

@: not resistant to hostile enchantments, stealthy
A: almost no armour, amphibious, 8 rings, constrict 8, camouflage 1, breathe
flames 1, frail 1, gelatinous body 1
a: Renounce Religion, Breathe Fire


You were on level 5 of the Dungeon.
You worshipped Fedhas.
Fedhas was noncommittal.
You were not hungry.

You visited 2 branches of the dungeon, and saw 6 of its levels.

You collected 242 gold pieces.

Inventory:

Hand Weapons
 g - a +2 dagger of draining
Missiles
 a - 79 arrows
 e - 181 stones (quivered)
 f - 4 tomahawks
 j - 4 arrows of flame
Jewellery
 i - a ring of wizardry (left tentacle)
 o - an uncursed ring of teleportation
Wands
 n - a wand of frost (29)
 q - a wand of flame (23)
Scrolls
 s - 2 scrolls of magic mapping
 t - a scroll of enchant weapon
Potions
 d - a potion of cancellation
 h - 2 potions of lignification
 l - a potion of resistance {unknown}
 m - a potion of beneficial mutation {unknown}
 p - a potion of mutation
 r - a potion of flight {unknown}
 v - a potion of cure mutation {unknown}
Books
 b - a book of Changes

   Spells                             Type                      Level
   a - Beastly Appendage              Transmutation                1
   b - Sticks to Snakes               Transmutation                2
   c - Spider Form                    Transmutation/Poison         3
   d - Ice Form                       Ice/Transmutation            4
   e - Blade Hands                    Transmutation                5
Comestibles
 c - 7 bread rations
 k - 4 meat rations
 u - 3 chunks of flesh


   Skills:
 + Level 3.6 Fighting
 + Level 3.7 Dodging
 + Level 4.8 Stealth
 * Level 5.9 Unarmed Combat
 - Level 2.0 Spellcasting
 - Level 2.0 Transmutations


You had 4 spell levels left.
You knew the following spells:

 Your Spells              Type           Power        Failure   Level  Hunger
b - Spider Form           Trmt/Pois      #.........   19%         3    ###....
x - Sticks to Snakes      Trmt           #.........   6%          2    ###....
z - Beastly Appendage     Trmt           #.....       4%          1    #......


Dungeon Overview and Level Annotations

Branches:
Dungeon (5/15)             Temple (1/1) D:4

Altars:
Ashenzari
Cheibriados
Dithmenos
Elyvilon
Fedhas
Kikubaaqudgha
Nemelex Xobeh
Okawaru
Qazlal
Ru
Sif Muna
Trog
Vehumet
Xom
Yredelemnul
Zin
The Shining One

Annotations:
D:4 jw's ghost, amateur OpBe
D:5 SlyFrog's ghost, novice MiFi


Innate Abilities, Weirdness & Mutations

You cannot wear most types of armour.
You are amphibious.
You can wear up to eight rings at the same time.
You can use your tentacles to constrict eight enemies at once.
Your skin changes colour to match your surroundings (Stealth).
Your rubbery body absorbs attacks (AC +1).
You can breathe flames.
You are frail (-10% HP).


Message History

Your ball python constricts the orc wizard.
The orc wizard gestures wildly while chanting.
The orc wizard blinks!
The orc wizard hits your ball python with a dagger.
Your ball python barely misses the orc wizard.
Your ball python constricts the orc wizard.
The orc wizard miscasts a cantrip.
Your ball python bites the orc wizard.
Your ball python constricts the orc wizard.
The orc wizard closely misses your ball python.
Your ball python bites the orc wizard but does no damage.
Your ball python constricts the orc wizard.
The orc wizard closely misses your ball python.
Your tentacle spike disappears.
The orc wizard hits your ball python with a dagger.
Your ball python dies!
The orc wizard gestures at you while chanting.
The magic dart hits you!
You die...
Fedhas appreciates your contribution to the ecosystem.

##..# ....# ##.......# #######.#
# ##### #################.#.#
######...## #...@.o....o.)......#
......###.###.###############.###
#####.# #.....# §o #.###.##### ##
##...## #####


You could see 2 orc wizards.

Vanquished Creatures
  Blork the orc (D:5)
  A giant frog (D:4)
  2 scorpions (D:4)
  A crimson imp (D:5)
  4 orc wizards
  A worker ant (D:5)
  A hound skeleton (D:5)
  9 adders
  3 oozes
  2 worms (D:2)
  2 adder skeletons
  12 orcs
  10 goblins
  11 hobgoblins
  A quokka (D:5)
  8 bats
  3 giant cockroaches
  3 giant geckos
  2 giant newts
  4 jackals (D:1)
  9 kobolds
  A quokka skeleton (D:5)
  8 rats
99 creatures vanquished.

Vanquished Creatures (collateral kills)
  A centaur skeleton (D:4)
  A worm (D:2)
2 creatures vanquished.

Vanquished Creatures (others)
  4 toadstools (D:5)
4 creatures vanquished.

Grand Total: 105 creatures vanquished

Notes
Turn   | Place    | Note
--------------------------------------------------------------
     0 | D:1      | Helmschank the Octopode Transmuter began the quest for the Orb.
     0 | D:1      | Reached XP level 1. HP: 13/13 MP: 3/3
   243 | D:1      | Reached XP level 2. HP: 12/18 MP: 5/5
   247 | D:1      | Learned a level 2 spell: Sticks to Snakes
   356 | D:1      | Reached skill level 1 in Stealth
   718 | D:1      | Reached XP level 3. HP: 12/23 MP: 6/6
  1409 | D:2      | Found a bloodstained altar of Trog.
  1701 | D:2      | Reached XP level 4. HP: 26/29 MP: 7/7
  1742 | D:2      | Reached skill level 4 in Unarmed Combat
  2692 | D:3      | Learned a level 3 spell: Spider Form
  3057 | D:3      | Reached XP level 5. HP: 22/34 MP: 5/8
  3568 | D:4      | Noticed jw's ghost (amateur OpBe)
  3711 | D:4      | Reached XP level 6. HP: 33/41 MP: 9/9
  4166 | D:4      | Found a staircase to the Ecumenical Temple.
  4178 | D:4      | Reached skill level 5 in Unarmed Combat
  4187 | Temple   | Entered the Ecumenical Temple
  4209 | Temple   | Became a worshipper of Fedhas Madash
  5059 | D:5      | Entered Level 5 of the Dungeon
  5107 | D:5      | Reached XP level 7. HP: 28/46 MP: 7/10
  5280 | D:5      | Noticed SlyFrog's ghost (novice MiFi)
  5299 | D:5      | Gained mutation: You are frail (-10% HP). [potion of mutation]
  5299 | D:5      | Gained mutation: You can breathe flames. [potion of mutation]
  5319 | D:4      | HP: 2/41 [poisoned by a worker ant]
  5327 | D:4      | HP: 1/41 [poisoned by a worker ant]
  5952 | D:5      | Noticed Blork the orc
  5962 | D:5      | Killed Blork the orc
  5999 | D:5      | Killed from afar by an orc wizard

Action                   |  1- 3 |  4- 6 |  7- 9 || total
-------------------------+-------+-------+-------++-------
Melee: Unarmed           |    71 |   143 |    45 ||   259
Throw: Stone             |    10 |     7 |       ||    17
 Cast: Sticks to Snakes  |     2 |     6 |     5 ||    13
       Beastly Appendage |       |     1 |     4 ||     5
  Use: Potion            |     1 |       |     2 ||     3
       Scroll            |       |    10 |       ||    10
 Stab: Sleeping          |     6 |    22 |     1 ||    29
       Distracted        |       |     2 |       ||     2
  Eat: Chunk             |     2 |    11 |     4 ||    17
